 Dungeon Crawl Stone Soup version 0.31.0-1-g2c135a008e (webtiles) character file.

Game seed: 18006377147223317688

189 qw the Shooter (level 6, -3/46 HPs)
             Began as a Djinni Hunter on Jan 23, 2024.
             Slain by a crocodile (12 damage)
             ... in a sewer.
             The game lasted 00:00:13 (2800 turns).

qw the Shooter (Djinni Hunter)                      Turns: 2800, Time: 00:00:13

Health: -3/46      AC:  5    Str: 14    XL:     6   Next: 0%
Gold:   203        EV: 13    Int:  9    God:
                   SH:  0    Dex: 24

rFire   + + .        a - +0 shortbow
rCold   x . .        (shield currently unavailable)
rNeg    . . .        j - +0 ring mail
rPois   inf          (no helmet)
rElec   .            (no cloak)
rCorr   .            (no gloves)
SInv    .            (boots unavailable)
Will    .....        (no amulet)
Stlth   ++           e - +6 ring of dexterity
HPRegen 0.27/turn    (no ring)
MPRegen 0.00/turn

%: infuse magic (-4 HP)
@: flying
A: sickness immunity, fire resistance 2, cold vulnerability 1, float, innate
caster, HP casting, extra vitality 1, strong 1, sturdy frame 1
a: no special abilities


You were in a sewer.
You visited 1 branch of the dungeon, and saw 3 of its levels.
You also visited: Sewer.

You collected 203 gold pieces.


Innate Abilities, Weirdness & Mutations

You are immune to sickness and miasma.
You are immune to poison.
Your flesh is very heat resistant. (rF++)
You are vulnerable to cold. (rC-)
You float through the air rather than walking.
You learn spells naturally, not from books.
Your magical power is your life essence.
You have superior vitality. (+4 MHP)
Your muscles are strong. (Str +4, Int/Dex -1)
Your movements are slightly less encumbered by armour. (ER -2)


   Skills:
 - Level 3.0 Fighting
 + Level 4.7 Ranged Weapons
 - Level 1.0 Armour
 - Level 3.3 Dodging
 - Level 0.7 Stealth


You knew the following spells:

 Your Spells              Type           Power      Damage    Failure   Level
a - Magic Dart            Conj           0%         1d3       50%         1
b - Jinxbite              Hex            0%         N/A       65%         2
Your spell library was empty.

Inventory:

Hand Weapons
 a - a +0 shortbow (weapon)
Armour
 j - a +0 ring mail (worn)
Jewellery
 e - a +6 ring of dexterity (left hand)
Scrolls
 k - 3 scrolls of teleportation
Potions
 b - 3 potions of enlightenment
 g - 3 potions of curing
 i - a potion of cancellation {unknown}

Dungeon Overview and Level Annotations

Branches:
Dungeon (3/15)              Sewer (1/1)

Altars:

Shops:
D:3 !

Annotations:
D:3 2 transporters


Message History

You resist.
You shoot an arrow. The arrow hits the crocodile.
The crocodile is lightly wounded.
The crocodile barely misses you.
The malarious merfolk avatar chants a haunting song.
You are mesmerised by the malarious merfolk avatar!
You shoot an arrow. The arrow hits the crocodile.
The crocodile is moderately wounded.
You are no longer entranced.
The crocodile bites you! The crocodile drags you backwards!
The malarious merfolk avatar chants a haunting song.
You resist.
Enter note: You shoot an arrow.
The arrow barely misses the crocodile.
The arrow hits the crocodile but does no damage.
The crocodile is heavily wounded.
The crocodile closely misses you.
The malarious merfolk avatar chants a haunting song.
You resist. The crocodile closely misses you.
You shoot an arrow. The arrow barely misses the crocodile.
The crocodile closely misses you. The crocodile bites you.
The crocodile drags you backwards!
The crocodile bites you but does no damage.
Enter note:
Enter note:
2798 ||| RETREEEEATING.
The crocodile barely misses you.
Enter note:
2799 ||| RETREEEEATING.
The malarious merfolk avatar chants a haunting song.
You are mesmerised by the malarious merfolk avatar!
The crocodile attacks as it pursues you!
The crocodile misses you.
Enter note: You shoot an arrow.
The arrow barely misses the crocodile.
You break out of your daze!
The malarious merfolk avatar chants a haunting song.
You resist. The crocodile misses you. The crocodile bites you!
The crocodile drags you backwards! The crocodile bites you!
You die...

###############
################
##################
~~~~~~~~~~~~~~~###
~~~~~~~~~~~~~~~###
~~~~~~~~~~~~~~~###
#~~~~~~~~~~~~~~###
+.~~~~~~~~~~~~~### ####
#.~~~~~@l~~~~~~### #..#
#.~~~~~lm~~~~~~### #l.#
#.~~~~~~~~~~~~~###
#..###l~~~~~~~~~~~~~###
#####ll#~~~~~~~~~~~~~~~~###
~~~~~~~~~~~~~~~~~~~~~~~~###
#####..#~~~~~~~~~~~~~~~~###
~# #..###~~~~~~~~~~~~~~###
~# ##.## ~~~~~~~~~~~~~###


You could see 2 crocodiles, a malarious merfolk avatar and a frilled lizard.

Vanquished Creatures
  Jessica (D:3)
  A sickly merfolk siren (Sewer)
  2 adders
  2 river rats (Sewer)
  A dart slug (D:2)
  3 ribbon worms
  10 ball pythons
  4 bats (D:1)
  6 endoplasms
  3 giant cockroaches
  7 goblins
  8 hobgoblins
  10 jackals
  2 kobolds (D:2)
  5 quokkas
  5 frilled lizards
  25 rats
95 creatures vanquished.

Notes
Turn   | Place    | Note
-------+----------+-------------------------------------------
     0 | D:1      | qw the Djinni Hunter began the quest for the Orb.
     0 | D:1      | Reached XP level 1. HP: 18/18 MP: 0/0
     0 | D:1      | 0 ||| qw: Version: 0.3-a-132-g3d54051
     0 | D:1      | 0 ||| qw: Game counter: 589
     0 | D:1      | 0 ||| qw: Melee chars always use a shield: true
     0 | D:1      | 0 ||| qw: God list: Okawaru
     0 | D:1      | 0 ||| qw: Allow faded altars: false
     0 | D:1      | 0 ||| qw: Do Orc after clearing Dungeon:15 true
     0 | D:1      | 0 ||| qw: Do second Lair branch before Depths: true
     0 | D:1      | 0 ||| qw: Lair rune preference: random
     0 | D:1      | 0 ||| qw: Goals: Normal
     0 | D:1      | 0 ||| PLANNING D:1-11
    47 | D:1      | 47 ||| RETREEEEATING.
    48 | D:1      | 48 ||| RETREEEEATING.
    63 | D:1      | Reached XP level 2. HP: 14/23 MP: 0/0
   241 | D:1      | Reached XP level 3. HP: 26/28 MP: 0/0
   241 | D:1      | Learned a level 1 spell: Magic Dart
   242 | D:1      | Reached skill level 4 in Ranged Weapons
   730 | D:1      | 730 ||| UPGRADING to +0 ring mail.
   740 | D:1      | 740 ||| DROPPING +0 leather armour.
   741 | D:1      | 741 ||| READING scroll labelled ZYTIAT GYSE.
   745 | D:1      | 745 ||| READING scroll labelled EQUF MEAZE.
   846 | D:1      | 846 ||| READING 3 scrolls labelled COT ERCHIUP NERGH.
   846 | D:1      | 846 ||| IDENTIFYING glowing pink potion
   847 | D:1      | 847 ||| DRINKING potion of mutation.
   847 | D:1      | Gained mutation: Your movements are slightly less
                  | encumbered by armour. (ER -2) [potion of mutation]
   847 | D:1      | Gained mutation: Your muscles are strong. (Str +4, Int/Dex
                  | -1) [potion of mutation]
   848 | D:1      | 848 ||| READING 2 scrolls of identify.
   848 | D:1      | 848 ||| IDENTIFYING sedimented golden potion
   849 | D:1      | 849 ||| READING scroll of identify.
   849 | D:1      | 849 ||| IDENTIFYING 2 red potions
   850 | D:1      | 850 ||| READING scroll labelled XULI IR HUIM.
   851 | D:1      | 851 ||| DROPPING scroll of butterflies.
   852 | D:1      | 852 ||| DROPPING potion of lignification.
  1095 | D:2      | Reached skill level 1 in Armour
  1309 | D:2      | Reached XP level 4. HP: 34/34 MP: 0/0
  1500 | D:2      | Reached skill level 3 in Fighting
  1694 | D:2      | 1694 ||| READING scroll of identify.
  1694 | D:2      | 1694 ||| IDENTIFYING purple potion
  1749 | D:3      | 1749 ||| PLANNING SEWER
  1749 | D:3      | 1749 ||| STAIRDANCE
  1767 | D:3      | 1767 ||| STAIRDANCE
  1769 | D:2      | 1769 ||| FLEEEEING.
  1888 | D:3      | Noticed Jessica
  1893 | D:3      | Killed Jessica
  1894 | D:3      | Reached skill level 3 in Dodging
  1894 | D:3      | Reached XP level 5. HP: 32/40 MP: 0/0
  1894 | D:3      | Learned a level 2 spell: Jinxbite
  1894 | D:3      | 1894 ||| FLEEEEING.
  1983 | D:3      | 1983 ||| FLEEEEING.
  2060 | D:3      | Found a transporter.
  2060 | D:3      | Found Ranal's Distillery.
  2138 | D:3      | Found a transporter.
  2483 | D:3      | Found a glowing drain.
  2484 | D:3      | 2484 ||| UPGRADING to +6 ring of dexterity.
  2485 | D:3      | 2485 ||| READING scroll of identify.
  2485 | D:3      | 2485 ||| IDENTIFYING fizzy brown potion
  2486 | D:3      | 2486 ||| READING scroll labelled BEOSTR CEGOIXT.
  2487 | D:3      | 2487 ||| READING scroll labelled GAF PEAFFUOCUSU.
  2488 | D:3      | 2488 ||| READING scroll labelled MOSULE RAFAHO.
  2489 | D:3      | 2489 ||| DROPPING potion of invisibility.
  2493 | Sewer    | Entered a sewer
  2770 | Sewer    | Reached XP level 6. HP: 46/46 MP: 0/0
  2772 | Sewer    | Noticed a crocodile
  2784 | Sewer    | HP: 11/46 [crocodile (12)]
  2785 | Sewer    | 2785 ||| READING 4 scrolls of teleportation.
  2786 | Sewer    | 2786 ||| DRINKING potion of heal wounds.
  2791 | Sewer    | Noticed a crocodile
  2798 | Sewer    | 2798 ||| RETREEEEATING.
  2799 | Sewer    | 2799 ||| RETREEEEATING.
  2800 | Sewer    | HP: 9/46 [crocodile (13)]
  2800 | Sewer    | Slain by a crocodile

Levels and vault maps discovered:
D:1:      saegor_arrival_simple_a, layout_basic
D:2:      layout_loops_corners
D:3:      layout_loops_ring, serial_shops, nicolae_shop_drivethru,
          gup_sewer_entry_bowl, uniq_jessica
Sewer:    sewer_sea

Skill      XL: |  1  2  3  4 |
---------------+-------------+-----
Ranged Weapons | 4 |  4.7
Armour         | 1 |  1.0
Fighting       | 3 |  3.0
Dodging        | 3 |  3.3
Stealth        | |  0.7

Action                     |  1- 3 |  4- 6 || total
---------------------------+-------+-------++-------
   Fire: Shortbow          |   118 |   176 ||   294
    Use: Scroll            |     6 |     6 ||    12
         Potion            |     1 |     1 ||     2
 Armour: Leather armour    |    21 |       ||    21
         Ring mail         |     5 |    88 ||    93
  Dodge: Dodged            |    60 |   129 ||   189

Table legend:
 A = Non-vault XP
 B = Vault XP
 C = Vault XP percentage of total XP
 D = Non-vault monster count
 E = Vault monster count
 F = Vault count percentage of total count
                 A         B        C        D         E       F
            +---------+---------+-------+---------+---------+-------
      Total |     127 |     143 |  53.0 |      61 |      34 |  35.8
            +---------+---------+-------+---------+---------+-------
        D:1 |      44 |       0 |   0.0 |      25 |       0 |   0.0
        D:2 |      50 |       0 |   0.0 |      20 |       0 |   0.0
        D:3 |      33 |      42 |  56.0 |      16 |       5 |  23.8
      Sewer |       0 |     101 | 100.0 |       0 |      29 | 100.0
            +---------+---------+-------+---------+---------+-------
